 Dungeon Crawl Stone Soup version 0.30-b1-5-g8e6c1be481 (webtiles) character file.

Game seed: 15709413557152721306

15728 zeram the Severer (level 12, -2/110 HPs)
             Began as a Hill Orc Fighter on May 4, 2023.
             Was an Initiate of Gozag.
             Killed by divine providence
             ... invoked by Saint Roka
              (12 damage)
             ... on level 2 of the Orcish Mines.
             The game lasted 00:19:32 (11746 turns).

zeram the Severer (Hill Orc Fighter)               Turns: 11746, Time: 00:19:34

Health: -2/110     AC: 20    Str: 24    XL:     12   Next: 30%
Magic:  12/12      EV: 13    Int:  8    God:    Gozag
Gold:   2422       SH:  5    Dex: 10    Spells: 11/11 levels left

rFire   . . .        v - +8 frozen axe "Frostbite" {freeze, freezing cloud, *Noise Fly rC+}
rCold   + . .        (shield currently unavailable)
rNeg    . . .        K - +0 plate armour
rPois   .            (no helmet)
rElec   .            C - +0 cloak
rCorr   +            n - +2 pair of gloves
SInv    .            j - +0 pair of boots
Will    .....        E - amulet of reflection Stlth
                     r - ring of resist corrosion
HPRegen 0.38/turn    y - +5 ring of evasion
MPRegen 0.13/turn

%: reflection
@: mighty, flying
A: no striking features
a: Renounce Religion, Convert to Beogh, Potion Petition, Call Merchant, Bribe
Branch


You were on level 2 of the Orcish Mines.
You worshipped Gozag.
Gozag was most pleased with you.
You visited 3 branches of the dungeon, and saw 14 of its levels.
You also visited: Bailey.

You collected 2501 gold pieces.
You paid 79 gold pieces to Gozag.

Inventory:

Hand Weapons
 a - a +0 war axe
 v - the +8 frozen axe "Frostbite" (weapon) {freeze, freezing cloud, *Noise Fly rC+}
   (You acquired it on level 3 of the Dungeon)

   rC:        It protects you from cold.
   Fly:       It grants you flight.
   *Noise:    It may make noises in combat.
Armour
 b - a +0 scale mail
 c - a +1 buckler
 j - a +0 pair of boots (worn)
 n - a +2 pair of gloves (worn)
 C - a +0 cloak (worn)
 K - a +0 plate armour (worn)
Jewellery
 g - a ring of magical power
 i - a ring of ice
 r - a ring of resist corrosion (left hand)
 w - a +6 ring of dexterity
 y - a +5 ring of evasion (right hand)
 E - an amulet of reflection (around neck)
 H - a +6 ring of strength
Wands
 d - a wand of roots (18)
 m - a wand of flame (10)
 L - a wand of paralysis (2)
Scrolls
 f - 2 scrolls of vulnerability
 p - 2 scrolls of poison
 B - a scroll of magic mapping
 F - a scroll of noise {unknown}
 I - a scroll of identify
 J - a scroll of brand weapon {unknown}
 M - a scroll of fog {unknown}
Potions
 e - 5 potions of mutation
 h - 2 potions of lignification
 k - 3 potions of haste
 l - 2 potions of experience
 o - a potion of attraction
 u - 2 potions of flight {unknown}
 x - a potion of cancellation {unknown}
 z - 4 potions of might
 A - a potion of degeneration {unknown}
 D - 3 potions of magic
 G - a potion of ambrosia {unknown}


   Skills:
 + Level 11.2 Fighting
 + Level 18.6 Axes
 + Level 9.0 Armour
 + Level 3.3 Dodging
 + Level 5.5 Shields
 + Level 1.9 Evocations


You had 11 spell levels left.
You didn't know any spells.
Your spell library contained the following spells:

 Spells                   Type           Power      Damage    Failure   Level
 Kiss of Death            Conj/Necr      0%         2d5       99%         1
 Magic Dart               Conj           0%         1d3       99%         1
 Sandblast                Erth           0%         2d4       99%         1
 Shock                    Conj/Air       0%         1d3       99%         1
 Cigotuvi's Dreadful Rot  Necr/Pois/Air  0%         N/A       100%        2
 Passwall                 Tmut/Erth      0%         N/A       100%        2
 Searing Ray              Conj           0%         2d4       100%        2
 Confusing Touch          Hex            0%         N/A       100%        3
 Frozen Ramparts          Ice            0%         1d1       100%        3
 Gell's Gravitas          Tloc           0%         N/A       100%        3
 Ignite Poison            Fire/Tmut/Pois 0%         N/A       100%        3
 Stone Arrow              Conj/Erth      0%         3d7       100%        3
 Summon Guardian Golem    Hex/Summ       0%         N/A       100%        3
 Swiftness                Air            0%         N/A       100%        3
 Teleport Other           Tloc           0%         N/A       100%        3
 Airstrike                Air            0%         2d(0-16)  100%        4
 Dispel Undead            Necr           0%         3d6       100%        4
 Fulminant Prism          Conj/Hex       0%         3d5       100%        4
 Summon Ice Beast         Ice/Summ       0%         N/A       100%        4
 Freezing Cloud           Conj/Ice/Air   0%         6-21      100%        5
 Dispersal                Tloc           0%         N/A       100%        6


Dungeon Overview and Level Annotations

Branches:
Dungeon (11/15)            Temple (1/1) D:6             Orc (2/2) D:10
    Elf (0/3) Orc:2        Bailey (visited)
   Lair: D:8-11

Altars:
Ashenzari
Cheibriados
Dithmenos
Elyvilon
Gozag
Hepliaklqana
Kikubaaqudgha
Makhleb
Nemelex Xobeh
Okawaru
Qazlal
Ru
Sif Muna
Trog
Uskayaw
Vehumet
Wu Jian
Xom
Yredelemnul
Zin
The Shining One
Beogh

Shops:
Orc:1 (   Orc:2 [*((

Annotations:
D:8 exclusion: orange crystal statue
Orc:2 Saint Roka


Message History

Press: ? - help, Shift-Dir - straight line, f/p - Saint Roka
Aim: Saint Roka, wielding a +0 arbalest and wearing a +3 plate armour of fire resistance (chance to affect: 10%) Saint Roka resists with almost no effort.
Saint Roka shoots a bolt.
The bolt hits you but does no damage.
Unknown command.
Aiming: Paralyse
Press: ? - help, Shift-Dir - straight line, f/p - Saint Roka
Aim: Saint Roka, wielding a +0 arbalest and wearing a +3 plate armour of fire resistance (chance to affect: 10%) Saint Roka resists with almost no effort.
Saint Roka calls down the wrath of Beogh upon you.
Beogh smites you!
Aiming: Paralyse
Press: ? - help, Shift-Dir - straight line, f/p - Saint Roka
Aim: Saint Roka, wielding a +0 arbalest and wearing a +3 plate armour of fire resistance (chance to affect: 10%) Saint Roka resists with almost no effort.
Saint Roka shoots a bolt.
The bolt closely misses you.
Unknown command.
Aiming: Paralyse
Press: ? - help, Shift-Dir - straight line, f/p - Saint Roka
Aim: Saint Roka, wielding a +0 arbalest and wearing a +3 plate armour of fire resistance (chance to affect: 10%) Saint Roka resists with almost no effort.
Saint Roka shoots a bolt.
The bolt closely misses you.
You feel very mighty all of a sudden.
Saint Roka shoots a bolt.
The bolt hits you!!
* * * LOW HITPOINT WARNING * * *
Saint Roka unwields a +0 arbalest.
Saint Roka wields a +1 bardiche of protection.
Saint Roka hits you but does no damage.
There is an open gate here.
You barely miss Saint Roka.
Saint Roka threatens, "By the altar or by the axe, you will meet Beogh!"
Saint Roka hits you but does no damage.
You open Saint Roka like a pillowcase!!!
You freeze Saint Roka!
Saint Roka is moderately wounded.
Saint Roka shouts, "Join the one true god or die!"
Saint Roka mumbles some strange prayers to Beogh against you.
Beogh smites you!
You die...
Your body crumbles into a pile of gold.

#.......###..........#
.........##..........##
......................#
...#...................#
<.##.$.........#.#......#
####∩$.......##~~≈≈~≈~~~.#
.#.$.$.......#.)#######~##
...............~#...(.#≈#
.......).#......@.....#
#........##....o')....#
#.......###....)'....)#
......### ##.#.)#)....#
.......#######.~#######
.........#.####≈≈≈≈≈≈≈≈
............# #########
[[.......#.##
))##........##


You could see Saint Roka.

Vanquished Creatures
  Pikel (D:9)
  3 orc knights
  3 orc sorcerers
  A manticore (D:11)
  2 gargoyles
  Maggie (D:7)
  A kobold demonologist (D:5)
  2 trolls (Orc:2)
  A hornet (D:9)
  The ghost of mkat the Slasher, an amateur DrRe of Qazlal (D:5)
  A shadow (D:11)
  A wraith (D:10)
  2 wyverns
  A basilisk (D:10)
  9 yaks
  2 steam dragons
  Edmund (D:6)
  4 wargs
  2 acid dragons (D:9)
  A water moccasin (D:11)
  Duvessa (D:5)
  31 orc warriors
  3 ice beasts
  A black bear (D:6)
  2 sky beasts
  5 ogres
  4 centaurs
  A phantom (D:5)
  2 lemures (D:9)
  3 kobold brigands
  5 bullfrogs
  5 scorpions
  A gnoll sergeant (D:6)
  Dowan (D:5)
  11 killer bees
  A jelly (D:6)
  A hound (D:5)
  Crazy Yiuf (D:6)
  16 orc priests
  A gnoll bouda (D:6)
  Ijyb (D:4)
  3 iguanas
  17 orc wizards
  8 gnolls (D:6)
  6 adders
  3 shadow imps
  2 ufetubi
  2 worms
  2 dart slugs
  103 orcs
  8 ball pythons
  5 endoplasms
  5 giant cockroaches
  11 goblins
  6 hobgoblins
  6 jackals
  25 kobolds
  6 quokkas
  3 bats
  3 frilled lizards
  5 rats
366 creatures vanquished.

Vanquished Creatures (others)
  A fungus (D:11)
  6 plants (D:11)
7 creatures vanquished.

Grand Total: 373 creatures vanquished

Notes
Turn   | Place    | Note
-------+----------+-------------------------------------------
     0 | D:1      | zeram the Hill Orc Fighter began the quest for the Orb.
     0 | D:1      | Reached XP level 1. HP: 19/19 MP: 1/1
    82 | D:1      | Reached XP level 2. HP: 18/27 MP: 2/2
   210 | D:1      | Reached skill level 3 in Axes
   239 | D:1      | Reached XP level 3. HP: 30/33 MP: 3/3
   960 | D:2      | Reached XP level 4. HP: 38/40 MP: 4/4
   963 | D:2      | Found a sacrificial altar of Ru.
   994 | D:1      | Reached skill level 4 in Axes
  1322 | D:2      | You fall into a shaft and drop 2 floors!
  1381 | D:4      | Found a snail-covered altar of Cheibriados.
  1393 | D:4      | Reached XP level 5. HP: 33/47 MP: 5/5
  1586 | D:4      | Reached skill level 5 in Axes
  1906 | D:4      | Noticed Ijyb
  1915 | D:4      | Killed Ijyb
  1916 | D:4      | Reached XP level 6. HP: 24/53 MP: 6/6
  2175 | D:4      | Reached skill level 6 in Axes
  2175 | D:4      | Reached skill level 1 in Dodging
  2318 | D:5      | Entered Level 5 of the Dungeon
  2609 | D:5      | Noticed Dowan
  2609 | D:5      | Noticed Duvessa
  2617 | D:5      | Killed Duvessa
  2618 | D:5      | Reached skill level 5 in Fighting
  2618 | D:5      | Reached skill level 5 in Armour
  2618 | D:5      | Reached XP level 7. HP: 61/61 MP: 7/7
  2622 | D:5      | Killed Dowan
  2686 | D:5      | Reached skill level 7 in Axes
  2855 | D:5      | Found an iron altar of Okawaru.
  3306 | D:5      | Reached XP level 8. HP: 65/70 MP: 8/8
  3323 | D:5      | Found a runed translucent door.
  3327 | D:5      | Noticed mkat's ghost (amateur DrRe)
  3328 | D:5      | Noticed a kobold demonologist
  3422 | D:5      | Reached skill level 8 in Axes
  3759 | D:5      | Noticed a rust devil
  3765 | D:5      | Noticed a smoke demon
  3765 | D:5      | Killed mkat's ghost
  3789 | D:6      | Found a staircase to the Ecumenical Temple.
  3798 | Temple   | Entered the Ecumenical Temple
  4033 | Temple   | Became a worshipper of Gozag Ym Sagoz the Greedy
  4079 | D:6      | Reached skill level 9 in Axes
  4197 | D:5      | Killed a kobold demonologist
  4244 | D:5      | Got the Opusculum on Freezing Guile
  4361 | D:6      | Reached XP level 9. HP: 19/78 MP: 9/9
  5019 | D:3      | Reached skill level 10 in Axes
  5275 | D:3      | Identified a scroll of acquirement
  5275 | D:3      | Acquired the +8 frozen axe "Frostbite" {freeze, freezing
                  | cloud, *Noise Fly rC+}
  5275 | D:3      | Found the +8 frozen axe "Frostbite" {freeze, freezing
                  | cloud, *Noise Fly rC+}
  5380 | D:6      | Found a bloodstained altar of Trog.
  5452 | D:6      | Noticed Edmund
  5459 | D:6      | Reached skill level 11 in Axes
  5464 | D:6      | Killed Edmund
  5693 | D:6      | Found a runed translucent door.
  5694 | D:6      | Noticed Crazy Yiuf
  5777 | D:6      | Found an ornate altar of the Wu Jian Council.
  6088 | D:6      | Found a shadowy altar of Dithmenos.
  6297 | D:6      | Killed Crazy Yiuf
  6351 | D:7      | Noticed Maggie
  6359 | D:7      | Reached skill level 12 in Axes
  6363 | D:7      | Killed Maggie
  6560 | D:7      | Reached XP level 10. HP: 54/88 MP: 10/10
  6703 | D:7      | Reached skill level 13 in Axes
  7018 | D:7      | Found a burning altar of Makhleb.
  7823 | D:8      | Noticed an orange crystal statue
  8072 | D:9      | Found a flagged portal.
  8082 | D:9      | Identified the +1 spear of Defiance {drain, rElec rPois rF-
                  | rN+}
  8088 | Bailey   | Entered a bailey
  8275 | Bailey   | Noticed an orc knight
  8290 | Bailey   | Reached skill level 14 in Axes
  8292 | Bailey   | Killed an orc knight
  8295 | Bailey   | Noticed an orc knight
  8296 | Bailey   | Noticed an orc knight
  8340 | Bailey   | HP: 4/90 [orc warrior/+0 trident (1)]
  8609 | D:9      | Noticed Pikel
  8616 | D:9      | Killed Pikel
  8617 | D:9      | Reached skill level 1 in Evocations
  8626 | D:9      | Found a sparkling altar of Nemelex Xobeh.
  8821 | D:9      | Reached skill level 15 in Axes
  8917 | D:9      | Reached skill level 5 in Shields
  8920 | D:9      | Reached XP level 11. HP: 97/97 MP: 11/11
  9270 | D:10     | Entered Level 10 of the Dungeon
  9306 | D:10     | Found a staircase to the Orcish Mines.
  9318 | D:10     | Reached skill level 16 in Axes
  9933 | D:11     | Noticed a boulder beetle
 10004 | D:11     | Noticed a manticore
 10008 | D:11     | Reached skill level 10 in Fighting
 10106 | D:11     | Killed a manticore
 10143 | Orc:1    | Entered Level 1 of the Orcish Mines
 10143 | Orc:1    | Found Yveg's Antique Weapon Shop.
 10154 | Orc:1    | Noticed an orc sorcerer
 10161 | Orc:1    | Noticed a sun demon
 10165 | Orc:1    | Killed an orc sorcerer
 10166 | Orc:1    | Reached skill level 17 in Axes
 10265 | Orc:2    | Entered Level 2 of the Orcish Mines
 10267 | Orc:2    | Found Zirgh's Weapon Shoppe.
 10281 | Orc:2    | Noticed an orc knight
 10291 | Orc:2    | Killed an orc knight
 10457 | Orc:2    | Noticed an orc knight
 10478 | Orc:2    | Killed an orc knight
 10750 | Orc:2    | Found a roughly hewn altar of Beogh.
 10772 | Orc:2    | Found Honurix's Weapon Shoppe.
 10826 | Orc:2    | Found a staircase to the Elven Halls.
 10855 | Orc:2    | Reached XP level 12. HP: 96/108 MP: 12/12
 10879 | Orc:2    | Reached skill level 18 in Axes
 10879 | Orc:2    | Noticed Saint Roka
 10891 | Orc:2    | Noticed a sun demon
 11230 | Orc:2    | Found a roughly hewn altar of Beogh.
 11230 | Orc:2    | Found Qeol's General Store.
 11246 | Orc:2    | Found Hoasch's Antique Armour Boutique.
 11746 | Orc:2    | Killed from afar by Saint Roka

Illustrated notes

Levels and vault maps discovered:
D:1:      scummos_arrival_simple_fountains, layout_loops_ring, st_stairs_11,
          minmay_tetromino_l2
D:2:      layout_rooms, basic_altar
D:3:      layout_loops_ring
D:4:      layout_gridville, mainiacjoe_overflow_six_doors_small,
          minmay_misc_feat_iff, uniq_ijyb
D:5:      layout_gridville, mainiacjoe_overflow_alcove_1,
          ebering_ghost_inner_flame, uniq_duvessa
D:6:      layout_basic, mainiacjoe_overflow_cross_hatched,
          kennysheep_little_box, bloody_trog, minmay_temple_entry_large_hall,
          roderic_roman_lattice, uniq_crazy_yiuf_cottage, uniq_edmund
D:7:      layout_rooms, mainiacjoe_overflow_small_starburst, uniq_maggie
D:8:      layout_rooms, kennysheep_mini, serial_curves, eino_curves_03,
          eino_curves_04, disabler_island
D:9:      layout_basic, nemelex_altar_shiori, enter_bailey_2, uniq_pikel
D:10:     layout_cross, erik_orc_3, kennysheep_generic_room_14
D:11:     layout_cave_pools, minmay_lair_entry_grove,
          biasface_ghost_orc_armoury, grunt_decor_resistance, kennysheep_donut,
          minivault_5
Temple:   eino_narrow_crystal_temple
Orc:1:    layout_caves, basic_altar, serial_shops, shop
Orc:2:    grunt_orc_community_town_hall, layout_diamond_mine,
          grunt_orc_community_big_house_1, grunt_orc_community_big_house_1,
          grunt_orc_community_house_2, grunt_orc_community_house_3,
          grunt_orc_community_house_3, grunt_orc_community_house_1,
          serial_shops, shop, shop, shop,
          nicolae_shop_temple_entry_statues_fountains, minmay_orc_keep

Skill      XL: |  1  2  3  4  5  6  7  8  9 10 11 12 |
---------------+-------------------------------------+-----
Fighting       | 4 5 6 8 9 10 11 | 11.2
Axes           | 3 4 5 6 7 9 12 15 17 18 | 18.6
Armour         | 4 5 6 7 8 9 |  9.0
Dodging        | 1 2 3 |  3.3
Shields        | 4 5 |  5.5
Evocations     | 1 |  1.9

Action                     |  1- 3 |  4- 6 |  7- 9 | 10-12 || total
---------------------------+-------+-------+-------+-------++-------
  Melee: War axe           |    84 |   116 |   189 |       ||   389
         Executioner's axe |       |       |    63 |   343 ||   406
  Evoke: Wand              |       |       |     4 |    13 ||    17
    Use: Scroll            |     3 |     4 |     5 |     9 ||    21
         Potion            |       |     3 |     2 |     5 ||    10
   Stab: Distracted        |       |       |       |     3 ||     3
 Armour: Scale mail        |    28 |    55 |   154 |    66 ||   303
         Plate armour      |       |       |       |    67 ||    67
         Skin              |       |       |       |     2 ||     2
  Dodge: Dodged            |    54 |    69 |   142 |   217 ||   482
  Block: Buckler           |    12 |    19 |    32 |       ||    63
         Other             |       |       |       |    88 ||    88
         Reflection        |       |       |       |     5 ||     5
